 Dungeon Crawl Stone Soup version 0.17.1-3-g152610e (webtiles) character file.

21206 inmateoo the Cleaver (level 12, -7/87 HPs)
             Began as a High Elf Fighter on Feb 22, 2016.
             Killed from afar by Azrael (13 damage)
             ... with a fireball
             ... on level 13 of the Dungeon.
             The game lasted 00:31:33 (14943 turns).

inmateoo the Cleaver (High Elf Fighter)            Turns: 14943, Time: 00:31:33

Health: -7/87      AC: 15    Str: 19      XL:     12   Next: 52%
Magic:  20/20      EV: 16    Int: 13      God:
Gold:   338        SH: 10    Dex: 15 (16) Spells: 3 memorised, 13 levels left

rFire  + . .     SeeInvis .     K - +6 hand axe of Infinite Pain {freeze, rPois rN+}
rCold  + . .     Clarity  .     n - +3 leather armour {rN+}
rNeg   + + .     SustAt   .     c - +0 shield
rPois  +         Gourm    +     (no helmet)
rElec  .         Spirit   .     s - +2 cloak
rCorr  .         Warding  .     (no gloves)
rMut   .         Stasis   .     h - +0 pair of boots
MR     ++...                    L - amulet of Qaloj {Gourm rF+ MR+}
Stlth  +.........               y - ring of protection from cold
                                P - +4 ring of protection (curse)

@: very slightly contaminated, hasted, very quick, very resistant to hostile
enchantments, very unstealthy
A: repulsion field 1, blurry vision 2, deterioration 1
a: no special abilities


You were on level 13 of the Dungeon.
You were hungry.

You visited 2 branches of the dungeon, and saw 14 of its levels.
You also visited: Bailey.

You collected 1032 gold pieces.
You spent 694 gold pieces at shops.

Inventory:

Hand Weapons
 a - a +1 war axe
 A - a +2 flail of holy wrath
 G - a +0 broad axe
 K - the +6 hand axe of Infinite Pain (weapon) {freeze, rPois rN+}
   (You found it on level 8 of the Dungeon)

   It has been specially enchanted to freeze those struck by it, causing extra
   injury to most foes and up to half again as much damage against particularly
   susceptible opponents.
   It can also slow down cold-blooded creatures.
   It protects you from poison.
   It protects you from negative energy.
 X - a +0 scimitar of flaming
Missiles
 f - 43 tomahawks of returning (quivered)
 v - 2 throwing nets
Armour
 c - a +0 shield (worn)
 h - a +0 pair of boots (worn)
 n - a +3 leather armour of positive energy (worn)
 s - a +2 cloak (worn)
 I - a +2 chain mail of poison resistance
Magical Staves
 H - an uncursed staff of air
Jewellery
 j - an uncursed ring of sustain attributes
 p - an uncursed ring of positive energy
 t - an uncursed ring of flight
 y - a ring of protection from cold (right hand)
 L - the amulet of Qaloj (around neck) {Gourm rF+ MR+}
   (You bought it in a shop on level 7 of the Dungeon)

   [amulet of the gourmand]

   It allows you to eat raw meat even when not hungry.
   It protects you from fire.
   It affects your resistance to hostile enchantments.
 P - a cursed +4 ring of protection (left hand)
Wands
 l - a wand of polymorph (8)
 u - a wand of fire (9)
 D - a wand of paralysis (9)
 R - a wand of fireball (4)
 Y - a wand of lightning (8)
Scrolls
 g - 3 scrolls of teleportation
 i - 4 scrolls of magic mapping
 m - a scroll of fog
 q - a scroll of fear
 r - a scroll of recharging
 N - 2 scrolls of enchant weapon
 U - 3 scrolls of remove curse
 W - a scroll of enchant armour
 Z - 3 scrolls of identify
Potions
 b - 3 potions of brilliance
 o - 3 potions of flight
Books
 e - a book of the Warp

   Spells                             Type                      Level
   a - Recall                         Summoning/Translocation      3
   b - Gell's Gravitas                Hexes/Translocation          3
   c - Force Lance                    Conjuration/Translocation    4
   d - Phase Shift                    Translocation                5
   e - Warp Weapon                    Charms/Translocation         5
   f - Summon Forest                  Summoning/Translocation      5
 F - a book of the Sky

   Spells                             Type                      Level
   a - Summon Lightning Spire         Summoning/Air                4
   b - Airstrike                      Air                          4
   c - Silence                        Hexes/Air                    5
   d - Deflect Missiles               Charms/Air                   6
   e - Conjure Ball Lightning         Conjuration/Air              6
   f - Tornado                        Air                          9
Comestibles
 d - 4 beef jerkies
 k - 4 meat rations
 z - 7 bread rations
 O - 4 fruits


   Skills:
 + Level 10.1 Fighting
 * Level 11.8 Axes
 + Level 6.7 Armour
 - Level 7.4 Dodging
 + Level 5.2 Shields
 + Level 4.7 Spellcasting
 + Level 4.7 Translocations


You had 13 spell levels left.
You knew the following spells:

 Your Spells              Type           Power        Failure   Level  Hunger
a - Apportation           Tloc           ###.......   14%         1    None
b - Blink                 Tloc           N/A          21%         2    ##.....
c - Passage of Golubria   Tloc           N/A          95%         4    ####...


Dungeon Overview and Level Annotations

Branches:
Dungeon (13/15)            Temple (1/1) D:4            Lair (0/8) D:10
    Orc (0/4) D:11
 Vaults: D:13-14

Altars:
Dithmenos
Fedhas
Gozag
Kikubaaqudgha
Makhleb
Nemelex Xobeh
Okawaru
Qazlal
Ru
Sif Muna
Trog
Vehumet
Xom
Yredelemnul
Zin
The Shining One

Shops:
D:7 =   D:10 =

Annotations:
D:4 Dowan, Duvessa
D:13 Azrael


Innate Abilities, Weirdness & Mutations

You are surrounded by a mild repulsion field (EV +2).
Scrolls take you longer to read.
Your body sometimes deteriorates upon taking damage.


Message History

You completely miss Azrael.
Azrael is almost dead.
You hit the fire elemental. You freeze the fire elemental.
The fire elemental is lightly damaged.
The fire elemental hits you. The fire elemental burns you! You resist.
Azrael gestures at you.
The hellfire explodes!
The burst of hellfire engulfs you!
* * * LOW HITPOINT WARNING * * *
The burst of hellfire engulfs Azrael.
Azrael completely resists.
The burst of hellfire engulfs the fire elemental.
The fire elemental is destroyed!
You hear a bark!
You hit Azrael but do no damage.
Azrael is almost dead.
Unknown command.
You hit Azrael. You freeze Azrael.
Azrael is almost dead.
Azrael gestures at you.
The fireball explodes!
The fireball engulfs you! You resist.
You die...

.......#.......<......#
.......#..............#
.......#..............#
.......#...§..........+
.......#..............#
.......#..............#
.##....##.....§.§.....#
.##....##.....##R.....#
.......##...h.##@.....#
..........(...####'####
.##...................#
###.............))....#
..............((()....#
.......##..(.(##).....#
.......##..(..##......#
.......#..............#
###....##.............#


You could see Azrael.

Vanquished Creatures
  The ghost of SaintRoka the Fighter, a journeyman DrCK of Cheibriados (D:11)
  Erica (D:9)
  3 hill giants
  2 unseen horrors
  Pikel (D:5)
  2 orc knights (Bailey)
  A griffon (D:13)
  A cyclops (D:9)
  An ugly thing (D:12)
  Joseph (D:7)
  Psyche (D:10)
  3 yaktaurs (D:13)
  A komodo dragon (D:12)
  3 two-headed ogres
  2 trolls
  8 slime creatures (D:12)
  Sigmund (D:4)
  2 deep elf magi
  A vampire (D:11)
  A steam dragon (D:12)
  A basilisk (D:12)
  A fire elemental (D:13)
  12 yaks
  2 vampire mosquitoes (D:11)
  2 hippogriffs
  Menkaure (D:4)
  A soldier ant (D:11)
  Edmund (D:5)
  A hell hound (D:13)
  A mottled dragon (D:12)
  2 phantoms
  9 orc warriors
  A black bear (D:7)
  2 ice beasts
  6 centaurs
  5 sky beasts
  4 ogres
  An eye of draining (D:12)
  A slave (D:5)
  11 worker ants
  2 crocodiles
  A big kobold (D:8)
  7 giant frogs
  A gnoll sergeant (D:8)
  A wyvern zombie (D:12)
  3 wyvern skeletons
  3 scorpions
  3 killer bees (D:9)
  4 wights (D:9)
  4 crimson imps
  A wasp zombie (D:6)
  4 hounds
  A quasit (D:6)
  10 orc priests
  2 giant frog zombies
  6 iguanas
  Crazy Yiuf (D:2)
  4 giant frog skeletons
  2 jellies
  A centaur skeleton (D:11)
  A killer bee zombie (D:6)
  8 orc wizards
  2 hound zombies
  2 hound skeletons
  2 worker ant zombies
  12 gnolls
  16 adders
  3 shadow imps
  An ooze (D:6)
  2 adder skeletons
  4 worms
  4 giant geckos
  42 orcs
  8 bats
  12 giant cockroaches
  10 hobgoblins
  13 jackals
  9 quokkas
  7 giant newts
  18 goblins
  2 jackal skeletons
  19 kobolds
  6 rats
366 creatures vanquished.

Vanquished Creatures (collateral kills)
  5 slime creatures (D:12)
5 creatures vanquished.

Vanquished Creatures (others)
  A fire elemental (D:13)
  A slave (D:5)
  A centaur zombie (D:5)
  A hound (D:5)
  An orc (D:11)
5 creatures vanquished.

Grand Total: 376 creatures vanquished

Notes
Turn   | Place    | Note
--------------------------------------------------------------
     0 | D:1      | inmateoo the High Elf Fighter began the quest for the Orb.
     0 | D:1      | Reached XP level 1. HP: 16/16 MP: 2/2
   322 | D:1      | Reached XP level 2. HP: 21/21 MP: 3/3
   779 | D:1      | Reached XP level 3. HP: 26/26 MP: 4/4
  1204 | D:2      | Found a bloodstained altar of Trog.
  1295 | D:2      | Reached XP level 4. HP: 17/31 MP: 5/5
  1488 | D:2      | Found a deep blue altar of Sif Muna.
  1598 | D:2      | Noticed Crazy Yiuf
  1606 | D:2      | Killed Crazy Yiuf
  1742 | D:2      | Reached skill level 1 in Dodging
  1867 | D:3      | Reached XP level 5. HP: 29/37 MP: 6/6
  2241 | D:3      | Reached skill level 4 in Fighting
  2805 | D:4      | Found a staircase to the Ecumenical Temple.
  2947 | D:4      | Reached XP level 6. HP: 36/43 MP: 7/7
  3064 | D:4      | Noticed Sigmund
  3084 | D:4      | Killed Sigmund
  3193 | D:4      | Noticed Menkaure
  3202 | D:4      | Killed Menkaure
  3202 | D:4      | Reached XP level 7. HP: 31/49 MP: 8/8
  3286 | D:4      | Noticed Dowan
  3287 | D:4      | Noticed Duvessa
  3755 | D:4      | Reached skill level 5 in Axes
  3836 | D:5      | Entered Level 5 of the Dungeon
  3892 | Temple   | Entered the Ecumenical Temple
  4184 | D:5      | Reached skill level 5 in Fighting
  4205 | D:5      | Gained mutation: You are surrounded by a mild repulsion field (EV +2). [mutagenic meat]
  4586 | D:5      | Noticed Edmund
  4606 | D:5      | Killed Edmund
  4722 | D:5      | Noticed Pikel
  4755 | D:5      | Killed Pikel
  4755 | D:5      | Reached skill level 6 in Axes
  4755 | D:5      | Reached XP level 8. HP: 20/57 MP: 9/9
  5058 | D:6      | Gained mutation: Scrolls take you a little longer to read. [potion of mutation]
  5058 | D:6      | Gained mutation: Your flesh is cold resistant. [potion of mutation]
  5070 | D:6      | Reached skill level 5 in Dodging
  5257 | D:6      | Gained mutation: Scrolls take you longer to read. [potion of mutation]
  5257 | D:6      | Lost mutation: Your flesh is cold resistant. [potion of mutation]
  5258 | D:6      | Gained mutation: You have sharp toenails. [potion of mutation]
  5258 | D:6      | Lost mutation: You have sharp toenails. [potion of mutation]
  5258 | D:6      | Gained mutation: Your body sometimes deteriorates upon taking damage. [potion of mutation]
  5435 | D:6      | Reached skill level 7 in Axes
  5761 | D:6      | Reached XP level 9. HP: 63/63 MP: 10/10
  5954 | D:6      | Found an opulent altar of Gozag.
  5991 | D:6      | Found a radiant altar of Vehumet.
  6110 | D:6      | Found a shadowy altar of Dithmenos.
  6110 | D:6      | Found a bloodstained altar of Trog.
  6110 | D:6      | Found a stormy altar of Qazlal.
  6326 | D:7      | Found a flagged portal.
  6347 | Bailey   | Entered a bailey
  6358 | Bailey   | Noticed an orc knight
  6360 | Bailey   | Noticed an orc knight
  6801 | Bailey   | Killed an orc knight
  6801 | Bailey   | Reached skill level 8 in Axes
  6831 | Bailey   | Killed an orc knight
  7250 | D:7      | Noticed Joseph
  7266 | D:7      | Killed Joseph
  7266 | D:7      | Reached XP level 10. HP: 55/72 MP: 11/11
  7436 | D:7      | Reached skill level 9 in Axes
  7599 | D:7      | Found Huokujug's Jewellery Shoppe.
  8171 | D:7      | Bought the amulet of Qaloj {Gourm rF+ MR+} for 694 gold pieces
  8233 | D:8      | Found an iron altar of Okawaru.
  8239 | D:8      | Got a fine hand axe
  8240 | D:8      | Identified the +6 hand axe of Infinite Pain {freeze, rPois rN+} (You found it on level 8 of the Dungeon)
  8965 | D:8      | Found an opulent altar of Gozag.
  9497 | D:9      | Found a glowing silver altar of Zin.
  9599 | D:9      | Reached skill level 10 in Axes
  9653 | D:9      | Noticed Erica
  9683 | D:9      | Killed Erica
  9889 | D:9      | Reached skill level 5 in Armour
  9895 | D:9      | Noticed a cyclops
  9900 | D:9      | Reached XP level 11. HP: 60/80 MP: 12/12
  9913 | D:9      | Killed a cyclops
 10253 | D:10     | Entered Level 10 of the Dungeon
 10313 | D:10     | Noticed Psyche
 10322 | D:10     | Killed Psyche
 10334 | D:10     | Found a staircase to the Lair.
 10398 | D:10     | Found Jicw's Jewellery Shop.
 10416 | D:10     | Learned a level 1 spell: Apportation
 10419 | D:10     | Learned a level 2 spell: Blink
 10424 | D:10     | Learned a level 4 spell: Passage of Golubria
 10642 | D:10     | Noticed a hill giant
 10664 | D:10     | Killed a hill giant
 10664 | D:10     | Reached skill level 1 in Spellcasting
 10669 | D:10     | Reached skill level 1 in Translocations
 10757 | D:11     | Found a staircase to the Orcish Mines.
 10798 | D:11     | Noticed SaintRoka's ghost (journeyman DrCK)
 11975 | D:11     | Reached skill level 11 in Axes
 12241 | D:11     | Killed SaintRoka's ghost
 12886 | D:12     | Noticed a hill giant
 12905 | D:12     | Killed a hill giant
 13154 | D:12     | Reached XP level 12. HP: 79/87 MP: 18/18
 13746 | D:12     | Killed an unseen horror
 14169 | D:12     | Reached skill level 10 in Fighting
 14245 | D:12     | Reached skill level 5 in Shields
 14915 | D:13     | Noticed Azrael
 14943 | D:13     | Killed from afar by Azrael

Action                   |  1- 3 |  4- 6 |  7- 9 | 10-12 || total
-------------------------+-------+-------+-------+-------++-------
Melee: War axe           |    87 |     5 |   159 |       ||   251
       Whip              |    83 |   198 |   215 |       ||   496
       Unarmed           |       |     2 |       |       ||     2
       Flail             |       |       |    44 |    35 ||    79
       Broad axe         |       |       |    38 |    58 ||    96
       Hand axe          |       |       |       |   866 ||   866
Throw: Tomahawk          |       |       |    37 |       ||    37
 Abil: Evoke Flight      |       |       |     7 |       ||     7
       Stop Flying       |       |       |     2 |       ||     2
Evoke: Wand              |       |       |     3 |       ||     3
  Use: Scroll            |       |     8 |     7 |    16 ||    31
       Potion            |       |     1 |     7 |    11 ||    19
 Stab: Sleeping          |       |       |       |     2 ||     2
  Eat: Chunk             |     1 |     6 |    13 |    13 ||    33
       Pizza             |       |       |     1 |       ||     1
       Bread ration      |       |       |     2 |       ||     2
       Beef jerky        |       |       |     1 |       ||     1
       Meat ration       |       |       |       |     1 ||     1
